 Dungeon Crawl Stone Soup version 0.21.1-1-g345015f (webtiles) character file.

2718 grindst0ne the Fighter (level 9, -2/98 HPs)
             Began as an Ogre Warper on Feb 26, 2018.
             Was a Priest of Okawaru.
             Slain by a hellwing (14 damage)
             ... on level 7 of the Dungeon.
             The game lasted 00:23:45 (10452 turns).

grindst0ne the Fighter (Ogre Warper)               Turns: 10452, Time: 00:23:46

Health: -2/98      AC:  4    Str: 17    XL:     9   Next: 66%
Magic:  6/12       EV: 10    Int: 14    God:    Okawaru [***...]
Gold:   321        SH:  4    Dex: 11    Spells: 5/12 levels left

rFire    . . .     SeeInvis .   n - +1 dagger (venom)
rCold    . . .     Gourm    .   (no shield)
rNeg     . . .     Faith    .   x - +1 robe {MR+}
rPois    .         Spirit   .   (helmet restricted)
rElec    .         Reflect  +   (no cloak)
rCorr    .         Harm     .   (gloves unavailable)
MR       +....                  (boots unavailable)
Stlth    +.........             p - +4 amulet of reflection
HPRegen  0.26/turn              (no ring)
MPRegen  0.13/turn              (no ring)

@: shrouded
A: large, unfitting armour, tough skin 1
a: Heroism, Renounce Religion


You were on level 7 of the Dungeon.
You worshipped Okawaru.
Okawaru was most pleased with you.
You were not hungry.

You visited 2 branches of the dungeon, and saw 8 of its levels.

You collected 321 gold pieces.

Inventory:

Hand Weapons
 g - a +0 giant spiked club
 n - a +1 dagger of venom (weapon)
Armour
 x - a +1 robe of magic resistance (worn)
Jewellery
 b - an uncursed ring of resist corrosion {unknown}
 j - an uncursed amulet of regeneration
 p - a +4 amulet of reflection (around neck)
 r - an uncursed ring of ice
Wands
 i - a wand of digging (18)
 w - a wand of polymorph (15)
Scrolls
 d - a scroll of blinking
 k - 7 scrolls of identify
 l - 3 scrolls of remove curse
 o - a scroll of teleportation
 q - a scroll of amnesia
Potions
 a - a potion of haste {unknown}
 t - 4 potions of magic {unknown}
 v - a potion of degeneration {unknown}
Books
 c - a book of Spatial Translocations

   Spells                             Type                      Level
   a - Blink                          Translocation                2
   b - Shroud of Golubria             Charms/Translocation         2
   c - Lesser Beckoning               Translocation                3
   d - Gell's Gravitas                Translocation                3
   e - Teleport Other                 Translocation                3
   f - Passage of Golubria            Translocation                4
 m - a book of Clouds

   Spells                             Type                      Level
   a - Poisonous Vapours              Poison/Air                   2
   b - Mephitic Cloud                 Conjuration/Poison/Air       3
   c - Conjure Flame                  Conjuration/Fire             3
   d - Freezing Cloud                 Conjuration/Ice/Air          6
   e - Ring of Flames                 Charms/Fire                  7
Comestibles
 f - 13 rations


   Skills:
 + Level 9.3 Fighting
 * Level 6.4 Maces & Flails
 + Level 4.0 Throwing
 - Level 2.1 Dodging
 - Level 2.4 Spellcasting
 - Level 1.1 Charms
 - Level 6.2 Translocations
 - Level 4.3 Invocations


You had 5 spell levels left.
You knew the following spells:

 Your Spells              Type           Power        Failure   Level  Hunger
a - Blink                 Tloc           N/A          2%          2    ###....
b - Shroud of Golubria    Chrm/Tloc      ##........   8%          2    ###....
c - Lesser Beckoning      Tloc           ###.......   5%          3    ###....


Dungeon Overview and Level Annotations

Branches:
Dungeon (7/15)             Temple (1/1) D:4

Altars:
Ashenzari
Cheibriados
Dithmenos
Elyvilon
Gozag
Hepliaklqana
Kikubaaqudgha
Makhleb
Nemelex Xobeh
Okawaru
Qazlal
Ru
Sif Muna
Trog
Uskayaw
Vehumet
Wu Jian
Xom
Yredelemnul
Zin
The Shining One

Shops:
D:6 [

Annotations:
D:2 exclusion: 2 downstairs
D:3 exclusion: downstairs
D:4 Zogzag's ghost, novice HuEE


Innate Abilities, Weirdness & Mutations

You are too large for most types of armour.
You have tough skin. (AC +1)


Message History

Confirm with . or Enter, or press ? or * to list all spells.
You blink.
The hellwing swoops through the air toward you!
The hellwing hits you.
* * * LOW HITPOINT WARNING * * *
The hellwing hits you.
* * * LOW HITPOINT WARNING * * *
Press: ? - help, v - describe, . - travel
Here: a hellwing (heavily wounded)
The floor.
You feel better. The hellwing hits you.
* * * LOW HITPOINT WARNING * * *
The hellwing hits you.
* * * LOW HITPOINT WARNING * * *
There is a stone staircase leading up, spattered with blood here.
Casting: Blink
Confirm with . or Enter, or press ? or * to list all spells.
Space distorts slightly along a thin shroud covering your body.
The hellwing hits you!
You die...

#.## ..# #.# #.##
##.# ##..## #..#
#....# #..# ##.....
#..## ###......
#...#######........
#.4(...............
##@..............##
##.#[.............#
##.###.......##.....#
#.## ##....######.[.#
#.## ##...# ##... ##
#...## ##.. ##...# #.
##..## ##..##


You could see a hellwing.

Vanquished Creatures
  Pikel (D:6)
  A centaur skeleton (D:7)
  Prince Ribbit (D:5)
  Eustachio (D:6)
  Duvessa (D:5)
  An ice beast (D:6)
  A slave (D:6)
  An orc warrior (D:6)
  4 ogres
  A phantom (D:4)
  A bullfrog (D:6)
  Dowan (D:5)
  A scorpion (D:6)
  A crimson imp (D:6)
  A bullfrog zombie (D:6)
  A hound (D:6)
  6 orc wizards
  2 orc priests
  Ijyb (D:2)
  A jelly (D:6)
  Natasha (thrice) (D:3)
  2 worker ants
  9 gnolls
  5 adders
  A shadow imp (D:6)
  2 oozes
  A worm (D:2)
  2 adder skeletons (D:4)
  A dart slug (D:1)
  5 leopard geckos
  33 orcs
  2 ball pythons
  4 bats
  7 giant cockroaches
  7 hobgoblins
  11 jackals
  13 kobolds
  A quokka (D:6)
  3 frilled lizards
  12 goblins
  2 leopard gecko skeletons (D:4)
  A quokka zombie (D:5)
  4 rats
  A plant (D:5)
161 creatures vanquished.

Vanquished Creatures (others)
  A slave (D:6)
  A bat (D:3)
  5 plants (D:5)
7 creatures vanquished.

Grand Total: 168 creatures vanquished

Notes
Turn   | Place    | Note
-------+----------+-------------------------------------------
     0 | D:1      | grindst0ne the Ogre Warper began the quest for the Orb.
     0 | D:1      | Reached XP level 1. HP: 22/22 MP: 3/3
    87 | D:1      | Reached skill level 3 in Fighting
   341 | D:1      | Reached XP level 2. HP: 27/31 MP: 5/5
   349 | D:1      | Learned a level 2 spell: Blink
  1366 | D:2      | Reached XP level 3. HP: 39/39 MP: 6/6
  1393 | D:2      | Learned a level 2 spell: Shroud of Golubria
  1441 | D:2      | Reached skill level 4 in Fighting
  2113 | D:2      | Found a deep blue altar of Sif Muna.
  2285 | D:2      | Reached XP level 4. HP: 47/49 MP: 7/7
  2426 | D:2      | Reached XP level 5. HP: 34/55 MP: 8/8
  2441 | D:2      | Found an iron altar of Okawaru.
  2449 | D:2      | Became a worshipper of Warmaster Okawaru
  2839 | D:3      | Reached skill level 5 in Fighting
  3117 | D:3      | Noticed Natasha
  3129 | D:3      | Killed Natasha
  3221 | D:3      | Learned a level 3 spell: Lesser Beckoning
  3354 | D:3      | Noticed Ijyb
  3541 | D:2      | Killed Ijyb
  3541 | D:2      | Reached skill level 5 in Translocations
  3541 | D:2      | Reached XP level 6. HP: 24/66 MP: 6/9
  4219 | D:3      | Found a deep blue altar of Sif Muna.
  5010 | D:2      | Reached skill level 6 in Fighting
  5351 | D:3      | Reached * piety under Okawaru
  5351 | D:3      | Reached XP level 7. HP: 75/75 MP: 10/10
  5455 | D:3      | Noticed Natasha
  5473 | D:3      | Killed Natasha
  5490 | D:3      | Noticed Natasha
  5502 | D:3      | Killed Natasha
  5935 | D:3      | Found an opulent altar of Gozag.
  5939 | D:3      | Found a glowing silver altar of Zin.
  6169 | D:4      | Reached skill level 1 in Invocations
  6213 | D:4      | Found a staircase to the Ecumenical Temple.
  6232 | D:4      | Reached skill level 1 in Charms
  6416 | Temple   | Entered the Ecumenical Temple
  6633 | D:4      | Noticed Zogzag's ghost (novice HuEE)
  6898 | D:4      | Reached skill level 7 in Fighting
  7029 | D:5      | Entered Level 5 of the Dungeon
  7042 | D:5      | Noticed Prince Ribbit
  7056 | D:5      | Killed Prince Ribbit
  7056 | D:5      | Reached XP level 8. HP: 15/87 MP: 9/11
  7610 | D:5      | Found a sacrificial altar of Ru.
  7845 | D:5      | Noticed Duvessa
  7867 | D:5      | Killed Duvessa
  7868 | D:5      | Noticed Dowan
  7871 | D:5      | Killed Dowan
  8538 | D:6      | Noticed Eustachio
  8573 | D:6      | Killed Eustachio
  8573 | D:6      | Reached ** piety under Okawaru
  8673 | D:6      | Reached skill level 8 in Fighting
  8721 | D:6      | Noticed Pikel
  8736 | D:6      | Killed Pikel
  8736 | D:6      | Reached skill level 5 in Maces & Flails
  8736 | D:6      | Reached XP level 9. HP: 89/97 MP: 10/12
  8757 | D:6      | Reached *** piety under Okawaru
  9423 | D:6      | Found Wifyagic's Armour Shoppe.
  9433 | D:6      | Reached skill level 9 in Fighting
 10234 | D:7      | Noticed a hellwing
 10452 | D:7      | Slain by a hellwing

Skill      XL: |  1  2  3  4  5  6  7  8  9 |
---------------+----------------------------+-----
Fighting       | 3 4 5 6 7 8 9 |  9.3
Translocations | 3 4 5 6 |  6.2
Invocations    | 3 4 |  4.3
Charms         | 1 |  1.1
Maces & Flails | 2 5 6 |  6.4
Throwing       | 2 4 |  4.0
Dodging        | |  2.1
Spellcasting   | |  2.4

Action                   |  1- 3 |  4- 6 |  7- 9 || total
-------------------------+-------+-------+-------++-------
Melee: Mace              |   109 |       |       ||   109
       Dagger            |    32 |   232 |   400 ||   664
       Punch             |       |       |     1 ||     1
Throw: Tomahawk          |     4 |     3 |       ||     7
       Javelin           |       |     7 |       ||     7
       Large rock        |       |     5 |    27 ||    32
 Cast: Shroud of Golubri |     1 |     8 |    18 ||    27
       Blink             |       |     7 |     2 ||     9
       Lesser Beckoning  |       |       |     1 ||     1
Invok: Heroism           |       |       |     2 ||     2
Evoke: Wand              |       |     1 |     2 ||     3
  Use: Scroll            |     1 |     5 |     3 ||     9
       Potion            |       |     3 |     1 ||     4
  Eat: Chunk             |     5 |     9 |    14 ||    28
       Ration            |       |     1 |     1 ||     2
Armor: Robe              |    33 |    81 |    72 ||   186
       Skin              |       |       |     9 ||     9
Dodge: Dodged            |    71 |   153 |   180 ||   404
Block: Other             |     4 |    60 |    69 ||   133
       Reflection        |       |     6 |       ||     6
